 Dungeon Crawl Stone Soup version 0.17-a0-1311-gbcbd859 (webtiles) character file.

2270 Fluffy the Basher (level 9, -2/56 HPs)
             Began as a Gargoyle Fighter on June 8, 2015.
             Killed by nerve-wracking pain
             ... invoked by Menkaure
              (7 damage)
             ... on level 7 of the Dungeon.
             The game lasted 00:10:57 (6335 turns).

Fluffy the Basher (Gargoyle Fighter)                Turns: 6335, Time: 00:10:57

Health: -2/56      AC: 17    Str: 25    XL:     9   Next: 38%
Magic:  9/9        EV:  6    Int:  9    God:
Gold:   342        SH: 11    Dex: 12    Spells: 0 memorised, 8 levels left

rFire  . . .     SeeInvis .     B - +4 flail (crush)
rCold  . . .     Clarity  .     y - +0 chain mail
rNeg   + . .     SustAt   .     c - +0 shield
rPois  ∞         Gourm    .     (no helmet)
rElec  +         Spirit   .     (no cloak)
rCorr  .         Warding  .     (no gloves)
rMut   .         Stasis   .     F - +0 pair of boots
MR     .....                    (no amulet)
Stlth  ..........               (no ring)
                                (no ring)

@: mighty, not resistant to hostile enchantments, extremely unstealthy
A: negative energy resistance 1, electricity resistance, unbreathing,
petrification resistance, rot immunity, AC +5
a: no special abilities


You were on level 7 of the Dungeon.
You were not hungry.

You visited 2 branches of the dungeon, and saw 8 of its levels.

You collected 342 gold pieces.

Inventory:

Hand weapons
 B - a +4 flail of crushing (weapon)
Armour
 c - a +0 shield (worn)
 y - a +0 chain mail (worn)
 F - a +0 pair of boots (worn)
Magical devices
 w - a wand of digging (8)
Scrolls
 a - a scroll of fog {unknown}
 b - a scroll of amnesia {unknown}
 g - a scroll of magic mapping {unknown}
 h - a scroll of random uselessness {unknown}
 i - a scroll of enchant armour {unknown}
 j - 8 scrolls of remove curse {unknown}
 k - 7 scrolls of identify {unknown}
 l - 5 scrolls of recharging {unknown}
 m - a scroll of enchant weapon {unknown}
 o - a scroll of fear {unknown}
 p - a scroll of immolation {unknown}
 x - a scroll of noise {unknown}
Potions
 f - a potion of degeneration {unknown}
 n - 5 potions of curing
 r - a potion of heal wounds {unknown}
 t - 4 potions of agility {unknown}
 v - 3 potions of poison {unknown}
 A - a potion of invisibility {unknown}
 C - a potion of lignification {unknown}
 E - a potion of flight {unknown}
 G - a potion of mutation {unknown}
Comestibles
 e - 3 bread rations
 u - 2 meat rations
 z - 5 fruits
 D - a royal jelly


   Skills:
 + Level 6.3 Fighting
 + Level 9.0 Maces & Flails
 + Level 6.4 Armour
 + Level 6.2 Shields


You had 8 spell levels left.
You didn't know any spells.

Dungeon Overview and Level Annotations

Branches:
Dungeon (7/15)             Temple (1/1) D:4

Altars:
Ashenzari
Cheibriados
Dithmenos
Elyvilon
Fedhas
Kikubaaqudgha
Makhleb
Nemelex Xobeh
Ru
Sif Muna
Trog
Vehumet
Xom
Yredelemnul
Zin
The Shining One

Annotations:
D:7 Menkaure


Innate Abilities, Weirdness & Mutations

You are resistant to torment.
Your stone body is resilient (AC +5).
You are immune to poison.
You resist negative energy.
You are resistant to electric shocks.
You can survive without breathing.
You are immune to petrification.
You are immune to rotting.


Message History

Drink which item? (? for menu, Esc to quit)
It was a potion of curing.
You feel better.
The killer bee stings you but does no damage. x2
Menkaure calls on the powers of darkness!
The killer bee convulses! x3
Your body is wracked with pain!
* * * LOW HITPOINT WARNING * * *
The killer bee convulses!
You block the killer bee's attack.
The killer bee stings you but does no damage.
The killer bee barely misses you. You block the killer bee's attack.
The crimson imp blinks!
You hit the killer bee but do no damage.
The killer bee is almost dead.
The killer bee stings you.
* * * LOW HITPOINT WARNING * * *
The killer bee stings you.
* * * LOW HITPOINT WARNING * * *
Menkaure gestures at you while chanting.
Pain shoots through your body!
You die...

#....## ## ##....# ..##
#.....## ...##
#......## ##...##
#...#§...###.....####
#...##yZ.5#....#....###
#.5.#
#yz......##....##.
.....
#yyM.....###......
.....
#@.####....#...### #...
#..## ###.....## #
#..## ##....# ...#
##...# .... #.....#
...... #.....# .....
#.....# ...## ..#....
#..##...#


You could see Menkaure, 4 killer bees, a wight, a crimson imp and a giant gecko
zombie.

Vanquished Creatures
  A hungry ghost (D:7)
  Edmund (D:5)
  A water moccasin (D:6)
  Purgy (D:4)
  A sky beast (D:6)
  A black bear (D:6)
  An eye of draining (D:6)
  4 centaurs
  4 giant frogs
  2 scorpions
  4 wights (D:6)
  2 crimson imps (D:5)
  Ijyb (D:3)
  2 hounds
  3 orc wizards
  2 orc priests (D:5)
  5 worker ants
  2 iguanas
  3 gnolls
  9 adders
  2 shadow imps (D:5)
  2 oozes
  An adder skeleton (D:1)
  4 worms
  3 giant geckos
  12 orcs
  4 ball pythons
  A bat skeleton (D:6)
  3 giant cockroaches
  14 hobgoblins
  11 bats
  A giant cockroach zombie (D:6)
  7 giant newts
  13 goblins
  4 jackals (D:6)
  11 kobolds
  A quokka (D:5)
  A quokka skeleton (D:4)
  15 rats
160 creatures vanquished.

Notes
Turn   | Place    | Note
--------------------------------------------------------------
     0 | D:1      | Fluffy the Gargoyle Fighter began the quest for the Orb.
     0 | D:1      | Reached XP level 1. HP: 14/14 MP: 1/1
     6 | D:1      | Noticed a hog
     6 | D:1      | Noticed a black mamba
     6 | D:1      | Noticed a crocodile
     7 | D:1      | Noticed a killer bee
   122 | D:1      | Reached XP level 2. HP: 12/19 MP: 2/2
   507 | D:1      | Reached XP level 3. HP: 23/23 MP: 3/3
   966 | D:1      | Reached skill level 4 in Maces & Flails
  1097 | D:2      | Reached XP level 4. HP: 21/28 MP: 4/4
  1300 | D:2      | Found a shattered altar of Ashenzari.
  1699 | D:2      | Reached skill level 5 in Maces & Flails
  1699 | D:2      | Reached XP level 5. HP: 26/32 MP: 5/5
  1855 | D:3      | Noticed a centaur
  1866 | D:3      | Killed a centaur
  1917 | D:3      | Found a white marble altar of Elyvilon.
  1976 | D:3      | Noticed Ijyb
  1984 | D:3      | Killed Ijyb
  1984 | D:3      | Reached skill level 6 in Maces & Flails
  1984 | D:3      | Reached XP level 6. HP: 37/37 MP: 6/6
  2952 | D:4      | Noticed Purgy
  2972 | D:4      | Killed Purgy
  2972 | D:4      | Reached skill level 7 in Maces & Flails
  3030 | D:4      | Reached XP level 7. HP: 35/41 MP: 7/7
  3600 | D:4      | Found a staircase to the Ecumenical Temple.
  3611 | Temple   | Entered the Ecumenical Temple
  3881 | D:5      | Entered Level 5 of the Dungeon
  3986 | D:5      | Found a sacrificial altar of Ru.
  4139 | D:5      | Noticed Edmund
  4193 | D:5      | Killed Edmund
  4193 | D:5      | Reached XP level 8. HP: 44/48 MP: 8/8
  4325 | D:5      | Reached skill level 8 in Maces & Flails
  4690 | D:5      | Found a sparkling altar of Nemelex Xobeh.
  4992 | D:6      | Reached skill level 5 in Fighting
  4992 | D:6      | Reached skill level 5 in Armour
  5059 | D:6      | Reached skill level 5 in Shields
  5360 | D:6      | Found a bloodstained altar of Trog.
  5566 | D:6      | Reached XP level 9. HP: 49/55 MP: 9/9
  6282 | D:7      | Reached skill level 9 in Maces & Flails
  6319 | D:7      | Noticed Menkaure
  6335 | D:7      | Killed from afar by Menkaure

Vault maps used:
D:1:      onia_arrival_zoo_common
D:2:      roderic_nine_men_s_morris, nicolae_ashenzari_panopticon
D:3:      old_standard_altar, serial_glass, glass_columns_a, glass_columns_a,
          dk_noncrumbling_4, roderic_lattice_a, serial_bayou_pond_a, uniq_iyjb
D:4:      minmay_temple_entry_statues_pillars, first_bread,
          corexii_leaking_fountain, uniq_purgy
D:5:      kennysheep_mini, nemelex_lonely_heart_becter, uniq_edmund
D:6:      basic_altar
D:7:      minitemple, uniq_menkaure
Temple:   water_room_temple_a_12

Action                   |  1- 3 |  4- 6 |  7- 9 || total
-------------------------+-------+-------+-------++-------
Melee: Mace              |   100 |   184 |   106 ||   390
       Flail             |       |       |   177 ||   177
  Use: Potion            |       |       |     2 ||     2
  Eat: Chunk             |     1 |     6 |    11 ||    18
